 Dungeon Crawl Stone Soup version 0.28.0-53-g5a82cb258f (webtiles) character file.

Game seed: 4040301338802200485

114 DocClef the Skirmisher (level 4, -5/45 HPs)
             Began as a Hill Orc Fighter on June 28, 2022.
             Succumbed to a kobold brigand's curare-tipped dart
             ... on level 4 of the Dungeon.
             The game lasted 00:03:33 (2876 turns).

DocClef the Skirmisher (Hill Orc Fighter)           Turns: 2876, Time: 00:03:34

Health: -5/45      AC:  6    Str: 20    XL:     4   Next: 98%
Magic:  4/4        EV:  9    Int:  8    God:
Gold:   57         SH:  4    Dex: 10    Spells: 3/3 levels left

rFire   + . .      SeeInvis .   a - +0 flail
rCold   + . .      Faith    .   c - +0 buckler
rNeg    . . .      Spirit   .   b - +0 scale mail
rPois   +          Reflect  .   (no helmet)
rElec   +          Harm     .   (no cloak)
rCorr   +          Rampage  .   (no gloves)
Will    .....                   (no boots)
Stlth   ..........              (no amulet)
HPRegen 0.15/turn               (no ring)
MPRegen 0.09/turn               (no ring)

@: lethally poisoned (-5 -> -22), resistant, slowed, very slow
A: no striking features
a: no special abilities


You were on level 4 of the Dungeon.
You visited 1 branch of the dungeon, and saw 4 of its levels.

You collected 57 gold pieces.

Inventory:

Hand Weapons
 a - a +0 flail (weapon)
 h - a +2 mace of holy wrath
Armour
 b - a +0 scale mail (worn)
 c - a +0 buckler (worn)
Scrolls
 g - a scroll of magic mapping {unknown}
 j - a scroll of summoning {unknown}
 l - a scroll of teleportation {unknown}
Potions
 d - a potion of might
 i - 3 potions of haste {unknown}
 k - a potion of heal wounds {unknown}
 m - 2 potions of flight {unknown}


   Skills:
 + Level 6.6 Fighting
 - Level 2.1 Maces & Flails
 - Level 3.2 Armour
 - Level 3.2 Shields


You had 3 spell levels left.
You didn't know any spells.
Your spell library was empty.

Dungeon Overview and Level Annotations

Branches:
Dungeon (4/15)
 Temple: D:4-7

Altars:


Message History

You hit the kobold brigand.
The kobold brigand is moderately wounded.
The kobold brigand hits you with a +0 dagger.
* * * LOW HITPOINT WARNING * * *
You barely miss the kobold brigand.
The kobold brigand is moderately wounded.
The kobold brigand hits you but does no damage.
The kobold brigand hits you with a +0 dagger.
* * * LOW HITPOINT WARNING * * *
You hit the kobold brigand.
The kobold brigand is moderately wounded.
The kobold brigand barely misses you.
You closely miss the kobold brigand.
The kobold brigand is moderately wounded.
The kobold brigand closely misses you.
You barely miss the kobold brigand.
The kobold brigand is moderately wounded.
The kobold brigand hits you but does no damage. x2
The kobold brigand throws a curare-tipped dart.
The curare-tipped dart hits you.
You are poisoned.
You have difficulty breathing.
* * * LOW HITPOINT WARNING * * *
You feel yourself slow down.
* * * LOW HITPOINT WARNING * * *
You feel very sick.
It was a potion of curing.
You feel better.
The kobold brigand throws a curare-tipped dart.
You block the curare-tipped dart.
Found a leather armour.
The kobold brigand throws a curare-tipped dart.
The curare-tipped dart hits you.
You are lethally poisoned!
You have difficulty breathing.
* * * LOW HITPOINT WARNING * * *
You feel as though you will be slow longer.
There is a stone staircase leading down here.
It was a potion of resistance.
You feel protected.
You die...

##....... #...###..
..##(##. ###
###....##. .)#
#.######..
#.###.........
##.##........##
#.######...#.....####.
#...@K.K....####.....
#..#####...##....####.
... #.#.#..(...K.## [
..###........... ###
#.#..######..
#.#####....##. #.
..##!# . #...### ##
##....K


You could see a kobold brigand and a kobold.

Vanquished Creatures
  Terence (D:2)
  An adder (D:2)
  2 worms
  2 dart slugs (D:2)
  3 bats
  4 endoplasms
  4 giant cockroaches
  3 goblins (D:1)
  7 hobgoblins
  13 jackals
  5 kobolds
  3 quokkas
  9 ball pythons
  6 frilled lizards
  5 rats
68 creatures vanquished.

Notes
Turn   | Place    | Note
-------+----------+-------------------------------------------
     0 | D:1      | DocClef the Hill Orc Fighter began the quest for the Orb.
     0 | D:1      | Reached XP level 1. HP: 19/19 MP: 1/1
    42 | D:1      | Reached skill level 4 in Fighting
   128 | D:1      | Reached XP level 2. HP: 24/27 MP: 2/2
   691 | D:1      | Reached skill level 5 in Fighting
   691 | D:1      | Reached XP level 3. HP: 36/36 MP: 3/3
  1270 | D:2      | Noticed Terence
  1288 | D:2      | Killed Terence
  1289 | D:2      | Reached XP level 4. HP: 27/44 MP: 4/4
  1295 | D:2      | Reached skill level 6 in Fighting
  2831 | D:4      | Noticed a kobold brigand
  2875 | D:4      | HP: 1/45 [asphyx]
  2876 | D:4      | Succumbed to a kobold brigand's curare-tipped dart

Illustrated notes

Levels and vault maps discovered:
D:1:      lightli_arrival_maybe_door_vault, layout_basic, nrook_mini_backslash
D:2:      layout_rooms, uniq_terence
D:3:      layout_loops_ring, chequers_serial_rivers_small_3
D:4:      layout_loops_ring, vehumet_altar_wand_db,
          minmay_temple_entry_statues_pillars, minmay_puff

Skill      XL: |  1  2  3  4 |
---------------+-------------+-----
Fighting       | 4 5 6 |  6.6
Maces & Flails | |  2.1
Armour         | |  3.2
Shields        | |  3.2

Action                   |  1- 3 |  4- 6 || total
-------------------------+-------+-------++-------
Melee: Flail             |   114 |   157 ||   271
  Use: Potion            |       |     2 ||     2
Armor: Scale mail        |    53 |    74 ||   127
Dodge: Dodged            |    58 |    81 ||   139
Block: Buckler           |    26 |    50 ||    76
